 Dungeon Crawl Stone Soup version 0.13-a0-2979-gb6a86b3 (webtiles) character file.

8119 NoamChomsky the Fencer (level 10, 0/77 (79) HPs)
             Began as a Minotaur Fighter on Sept 7, 2013.
             Was a Believer of Okawaru.
             Slain by Erica
             ... wielding a +3,+2 scimitar of flaming
              (8 damage)
             ... on Level 11 of the Dungeon.
             The game lasted 01:18:46 (12985 turns).

NoamChomsky the Fencer (Minotaur Fighter)          Turns: 12985, Time: 01:18:47

HP   0/77 (79)   AC 20     Str 23      XL: 10   Next: 97%
MP   3/3         EV  5     Int  5      God: Okawaru [**....]
Gold 529         SH 20     Dex 11      Spells:  0 memorised,  9 levels left

Res.Fire  : + . .   See Invis. : .   e - +1,+3 orc falchion (protect)
Res.Cold  : . . .   Warding    : .   x - +2 orc chain mail {MR+}
Life Prot.: + . .   Conserve   : .   c - +1 shield
Res.Poison: .       Res.Corr.  : .   (helmet restricted)
Res.Elec. : .       Clarity    : .   (no cloak)
Sust.Abil.: . .     Spirit.Shd : .   (no gloves)
Res.Mut.  : .       Stasis     : .   (no boots)
Res.Rott. : .       Flight     : .   (no amulet)
Saprovore : . . .                    q - +4 ring of protection
                                     F - ring of positive energy

@: about to teleport, mildly poisoned, quite resistant to hostile enchantments,
extremely unstealthy
A: retaliatory headbutt, horns 2, fire resistance 1, -10% mp
a: Heroism, Renounce Religion


You were on level 11 of the Dungeon.
You worshipped Okawaru.
Okawaru was most pleased with you.
You were hungry.

You visited 2 branches of the dungeon, and saw 12 of its levels.

You collected 509 gold pieces.

Inventory:

Hand weapons
 e - a +1,+3 orcish falchion of protection (weapon)
 w - a +0,+2 orcish scimitar of protection
Armour
 c - a +1 shield (worn)
 x - a +2 orcish chain mail of magic resistance (worn)
Magical devices
 h - a wand of paralysis (17) {unknown}
 v - a wand of polymorph (11) {unknown}
Comestibles
 d - 6 bread rations
 l - 3 meat rations
 A - 2 beef jerkies
 B - 5 cheeses
Scrolls
 f - a scroll of fog
 j - 3 scrolls of amnesia
 m - 5 scrolls of remove curse
 n - 2 scrolls of teleportation
 o - 2 scrolls of identify
 p - a scroll of blinking
 u - 2 scrolls of recharging
Jewellery
 q - a +4 ring of protection (right hand)
 r - an uncursed ring of flight
 t - an uncursed ring of fire
 F - a ring of positive energy (left hand)
Potions
 a - a potion of might
 g - 4 potions of heal wounds
 k - 5 potions of curing
Books
 s - a Young Poisoner's Handbook

   Spells                             Type                      Level
   Sting                              Conjuration/Poison           1
   Cure Poison                        Poison                       2
   Mephitic Cloud                     Conjuration/Poison/Air       3
   Olgreb's Toxic Radiance            Poison                       4
   Venom Bolt                         Conjuration/Poison           5
 y - the Reference Book on Lethal Conjuration
   (You found it on level 7 of the Dungeon)

   Spells                             Type                      Level
   Animate Skeleton                   Necromancy                   1
   Pain                               Necromancy                   1
   Mephitic Cloud                     Conjuration/Poison/Air       3
   Venom Bolt                         Conjuration/Poison           5
   Bolt of Draining                   Conjuration/Necromancy       6
 E - a book of Maledictions

   Spells                             Type                      Level
   Corona                             Hexes                        1
   Sure Blade                         Hexes/Charms                 2
   Ensorcelled Hibernation            Hexes/Ice                    2
   Confuse                            Hexes                        3
   Enslavement                        Hexes                        4
   Invisibility                       Hexes                        6


   Skills:
 - Level 3.7 Fighting
 + Level 19.0 Long Blades
 - Level 3.6 Armour
 - Level 2.5 Dodging
 - Level 0.1 Stealth
 - Level 3.6 Shields
 - Level 0.6 Invocations


You had 9 spell levels left.
You didn't know any spells.

Dungeon Overview and Level Annotations

Branches:
Dungeon (11/27)            Temple (1/1) D:7             Orc (0/4) D:6
   Lair: D:8-13

Altars:
Ashenzari
Cheibriados
Elyvilon
Fedhas
Kikubaaqudgha
Makhleb
Nemelex Xobeh
Okawaru
Sif Muna
Trog
Vehumet
Xom
Yredelemnul
Zin
the Shining One

Annotations:
D:10 Erica
D:11 Josephine


Innate Abilities, Weirdness & Mutations

You reflexively headbutt those who attack you in melee.
You have a pair of horns on your head.
Your flesh is heat resistant.
Your magical capacity is low (-10% MP).


Message History

* * * LOW HITPOINT WARNING * * *
There is a stone staircase leading down here.
You can't go up here!
You hear some strange, mumbled words.
The orb of energy hits you!
* * * LOW HITPOINT WARNING * * *
The orb of energy explodes!
You climb downwards.
A centaur, a mummy, Josephine, a zombie, 3 skeletons and a simulacrum come into view.
* * * LOW HITPOINT WARNING * * *
You feel sick.
Josephine shouts!
The centaur shouts!
Found 21 sling bullets.
There is a stone staircase leading up here.
As you read the scroll of teleportation, it crumbles to dust.
You feel strangely unstable.
* * * LOW HITPOINT WARNING * * *
You feel sick.
The centaur wields a runed bow.
The centaur shoots an arrow.
The arrow hits something.
It hits you!
You die...

#####
#...#
#...#
#...#
#@(c#
#...#
#.M.#
..Z...
.@Z....
....Z..(#
.#.ZZ###
#.#####


You could see Josephine, a centaur, a mummy, a manticore simulacrum, a
hippogriff zombie, a centaur skeleton, a troll skeleton and a hill giant
skeleton.

Vanquished Creatures
  Joseph (D:10)
  A troll (D:10)
  A hog (D:7)
  7 yaks
  A hill giant skeleton (D:8)
  A manticore (D:10)
  A hippogriff (D:8)
  A hungry ghost (D:6)
  A mottled dragon (D:9)
  A necrophage (D:7)
  5 ice beasts
  2 phantoms
  3 orc warriors
  4 ogres
  2 black bears
  6 sky beasts
  A human (D:7)
  3 centaurs
  2 giant frogs
  A hippogriff zombie (D:9)
  2 jellyfish (D:9)
  2 yak skeletons (D:8)
  6 killer bees
  8 crimson imps
  7 wights
  4 electric eels (D:9)
  A jelly (D:8)
  A quasit (D:9)
  3 orc priests
  6 hounds
  A scorpion (D:7)
  A centaur skeleton (D:10)
  5 orc wizards
  10 worker ants
  An iguana (D:8)
  3 sheep (D:7)
  Ijyb (D:6)
  An ogre zombie (D:8)
  2 mummies
  7 gnolls
  12 adders
  2 giant mites
  6 worms
  An iguana skeleton (D:10)
  A giant eyeball (D:5)
  An ooze (D:3)
  21 orcs
  3 ball pythons
  4 bats
  A bat skeleton (D:5)
  A bat zombie (D:7)
  5 giant cockroaches
  16 hobgoblins
  13 kobolds
  A quokka (D:7)
  7 giant geckos
  A giant gecko skeleton (D:4)
  7 giant newts
  9 goblins
  12 jackals
  16 rats
  5 ballistomycetes (D:7)
262 creatures vanquished.

Vanquished Creatures (others)
  A wizard (D:8)
  2 giant spores (D:7)
3 creatures vanquished.

Grand Total: 265 creatures vanquished

Notes
Turn   | Place    | Note
--------------------------------------------------------------
     0 | D:1      | NoamChomsky, the Minotaur Fighter, began the quest for the Orb.
     0 | D:1      | Reached XP level 1. HP: 19/19 MP: 0/0
   821 | D:1      | Reached XP level 2. HP: 26/26 MP: 0/0
  1243 | D:2      | Reached skill level 1 in Dodging
  1505 | D:2      | Found a blossoming altar of Fedhas.
  1569 | D:2      | Reached XP level 3. HP: 24/33 MP: 1/1
  2299 | D:3      | Reached skill level 4 in Long Blades
  2299 | D:3      | Reached XP level 4. HP: 35/39 MP: 1/1
  3453 | D:4      | Paralysed by a potion of paralysis for 4 turns
  3466 | D:4      | Reached skill level 13 in Long Blades
  3466 | D:4      | Reached XP level 5. HP: 46/46 MP: 1/1
  3828 | D:4      | Reached XP level 6. HP: 52/52 MP: 2/2
  3984 | D:4      | Noticed an ogre
  3993 | D:4      | Killed an ogre
  4170 | D:4      | Found an ancient bone altar of Kikubaaqudgha.
  4170 | D:4      | Found a snail-covered altar of Cheibriados.
  4333 | D:5      | Entered Level 5 of the Dungeon
  4359 | D:5      | Reached skill level 14 in Long Blades
  4381 | D:5      | Reached XP level 7. HP: 44/59 MP: 2/2
  5064 | D:5      | Found a deep blue altar of Sif Muna.
  5434 | D:6      | Reached XP level 8. HP: 66/66 MP: 2/2
  5451 | D:6      | Reached skill level 15 in Long Blades
  5584 | D:6      | Noticed Ijyb
  5596 | D:6      | Killed Ijyb
  5931 | D:6      | Found a staircase to the Orcish Mines.
  6016 | D:7      | Identified the Reference Book on Lethal Conjuration
  6429 | D:7      | Reached XP level 9. HP: 72/72 MP: 3/3
  6536 | D:7      | Reached skill level 16 in Long Blades
  6619 | D:7      | Found a staircase to the Ecumenical Temple.
  6784 | Temple   | Entered the Ecumenical Temple
  7014 | Temple   | Became a worshipper of Warmaster Okawaru
  7541 | D:8      | Found a bloodstained altar of Trog.
  7541 | D:8      | Noticed a wizard
  7547 | D:8      | Killed a wizard
  7631 | D:8      | Acquired Okawaru's first power
  7887 | D:8      | Reached skill level 17 in Long Blades
  8579 | D:8      | Reached XP level 10. HP: 70/77 MP: 3/3
  8804 | D:8      | Got a dazzling short sword
 10256 | D:9      | Reached skill level 18 in Long Blades
 10861 | D:10     | Entered Level 10 of the Dungeon
 11379 | D:10     | Noticed Joseph
 11398 | D:10     | Killed Joseph
 11835 | D:9      | Gained mutation: Your flesh is heat resistant. [potion of mutation]
 11835 | D:9      | Gained mutation: Your magical capacity is low (-10% MP). [potion of mutation]
 12920 | D:10     | Reached skill level 19 in Long Blades
 12963 | D:10     | Noticed Erica
 12984 | D:11     | Noticed Josephine
 12985 | D:11     | Slain by Erica

Action                   |  1- 3 |  4- 6 |  7- 9 | 10-12 || total
-------------------------+-------+-------+-------+-------++-------
Melee: Falchion          |    97 |    52 |   459 |   392 ||  1000
       Sabre             |       |    58 |       |       ||    58
Invok: Heroism           |       |       |       |     3 ||     3
  Use: Potion            |     1 |     7 |     3 |     4 ||    15
       Scroll            |       |    11 |     7 |    10 ||    28
 Stab: Invisible         |       |     1 |       |       ||     1
